 Dungeon Crawl Stone Soup version 0.20-a0-16-g0876c8e (webtiles) character file.

146 JeffiDaFish the Shield-Bearer (level 5, -5/36 HPs)
             Began as a Gargoyle Fighter on Nov 3, 2016.
             Slain by Terence
             ... wielding a +4 falchion of distortion
              (13 damage)
             ... on level 3 of the Dungeon on Nov 4, 2016.
             The game lasted 00:08:20 (1873 turns).

JeffiDaFish the Shield-Bearer (Gargoyle Fighter)    Turns: 1873, Time: 00:08:22

Health: -5/36      AC: 17    Str: 25    XL:     5   Next: 28%
Magic:  5/5        EV:  5    Int:  9    God:
Gold:   115        SH: 11    Dex:  9    Spells: 0 memorised, 4 levels left

rFire  + . .     SeeInvis .     a - +0 flail
rCold  . . .     Gourm    .     l - +0 plate armour
rNeg   + . .     Faith    .     c - +1 shield
rPois  ∞         Spirit   .     (no helmet)
rElec  +         Reflect  .     (no cloak)
rCorr  .         Harm     .     (no gloves)
MR     .....                    (no boots)
Stlth  ..........               (no amulet)
                                (no ring)
                                (no ring)

@: mighty
A: icy blue scales 1, fire resistance 1, negative energy resistance 1, robust 1,
electricity resistance, unbreathing, petrification resistance, rot immunity, AC
+4
a: no special abilities


You were on level 3 of the Dungeon.
You were hungry.

You visited 1 branch of the dungeon, and saw 3 of its levels.

You collected 115 gold pieces.

Inventory:

Hand Weapons
 a - a +0 flail (weapon)
Armour
 c - a +1 shield (worn)
 l - a +0 plate armour (worn)
Wands
 h - a wand of random effects (26/48)
 m - a wand of digging (19/24)
Scrolls
 e - 3 scrolls of remove curse
Potions
 d - 2 potions of might
 k - 2 potions of resistance
Comestibles
 f - 2 bread rations
 g - a slice of pizza
 i - 3 meat rations
 j - a beef jerky


   Skills:
 + Level 3.7 Fighting
 + Level 3.1 Maces & Flails
 + Level 4.1 Armour
 + Level 0.5 Dodging
 + Level 4.7 Shields


You had 4 spell levels left.
You didn't know any spells.

Dungeon Overview and Level Annotations

Branches:
Dungeon (3/15)

Altars:
Cheibriados
Xom

Annotations:
D:3 Terence


Innate Abilities, Weirdness & Mutations

You are resistant to torment.
Your stone body is resilient. (AC +4)
You are immune to poison.
You resist negative energy. (rN+)
You are resistant to electric shocks. (rElec)
You can survive without breathing.
You are immune to petrification.
You are immune to rotting.
You are partially covered in icy blue scales. (AC +2)
Your flesh is heat resistant. (rF+)
You are robust. (+10% HP)


Message History

You hit Terence but do no damage.
Terence is lightly wounded.
Terence hits you but does no damage. Space bends around you.
* * * LOW HITPOINT WARNING * * *
You hit Terence.
Terence is moderately wounded.
Terence barely misses you. The goblin hits you but does no damage.
Your plate armour prevents you from hitting Terence.
Terence is moderately wounded.
Terence hits you but does no damage.
You blink.
Found 2 potions of might.
You closely miss the goblin. You block the goblin's attack.
The goblin hits you but does no damage.
Your shield prevents you from hitting Terence.
Terence is moderately wounded.
The goblin hits you but does no damage.
Terence hits you with a falchion of distortion.
* * * LOW HITPOINT WARNING * * *
Space warps horribly around you!
You die...

#....#.# .#
#....#+### .#..## ..
.........# .#.!.. .
.........# .#...# .#
.........#
.#...####.
.........##.#.......
.........##.#....#.#
.........'.....@.#.#
####.....##.#..g@..#
#.##### .#..###.#
#.# .#.. .# #. .#..
.# .... .# ##.. .#
#.. .. ##. .#


You could see Terence and a goblin.

Vanquished Creatures
  An orc wizard (D:3)
  A worker ant (D:3)
  4 adders
  A dart slug (D:2)
  A leopard gecko (D:1)
  An orc (D:3)
  2 giant cockroaches
  7 goblins
  4 hobgoblins
  3 jackals (D:3)
  A quokka (D:3)
  2 ball pythons (D:2)
  A bat (D:1)
  2 frilled lizards (D:1)
  4 kobolds
  9 rats
44 creatures vanquished.

Vanquished Creatures (others)
  An orc wizard (D:3)
1 creature vanquished.

Grand Total: 45 creatures vanquished

Notes
Turn   | Place    | Note
-------+----------+-------------------------------------------
     0 | D:1      | JeffiDaFish the Gargoyle Fighter began the quest for the Orb.
     0 | D:1      | Reached XP level 1. HP: 14/14 MP: 1/1
   151 | D:1      | Reached XP level 2. HP: 15/19 MP: 2/2
   775 | D:2      | Found a snail-covered altar of Cheibriados.
   866 | D:2      | Reached XP level 3. HP: 23/23 MP: 3/3
  1119 | D:2      | Reached XP level 4. HP: 19/28 MP: 4/4
  1506 | D:3      | Found a shimmering altar of Xom.
  1543 | D:3      | Gained mutation: Your flesh is heat resistant. (rF+) [potion of mutation]
  1543 | D:3      | Gained mutation: You are robust. (+10% HP) [potion of mutation]
  1543 | D:3      | Gained mutation: You are partially covered in icy blue scales. (AC +2) [potion of mutation]
  1596 | D:3      | Reached XP level 5. HP: 20/35 MP: 5/5
  1860 | D:3      | Noticed Terence
  1873 | D:3      | Slain by Terence

Vault maps used:
D:1:      erik_arrival_triangle_small, corexii_corridor_pit
D:2:      nicolae_overflow_hidden_temple, corexii_shack,
          minmay_misc_feat_four_crosses
D:3:      xom_butterflies, kennysheep_okawaru_gauntlet, uniq_terence,
          uniq_sigmund

Skill      XL: |  1  2  3  4 |
---------------+-------------+-----
Armour         | 4 |  4.1
Shields        | 4 |  4.7
Maces & Flails | 3 |  3.1
Fighting       | |  3.7
Dodging        | |  0.5

Action                   |  1- 3 |  4- 6 || total
-------------------------+-------+-------++-------
Melee: Flail             |   165 |    84 ||   249
  Use: Scroll            |     9 |       ||     9
       Potion            |     4 |     2 ||     6
  Eat: Chunk             |     1 |     2 ||     3
Armor: Scale mail        |   105 |     2 ||   107
       Plate armour      |       |    75 ||    75
Dodge: Dodged            |    47 |    10 ||    57
Block: Shield            |   104 |    32 ||   136
